 Dungeon Crawl Stone Soup version 0.28-a0-1404-g4df0f3684d (webtiles) character file.

Game seed: 9089551008900622335

2 ryw the Charlatan (level 1, 0/13 HPs)
             Began as a Human Wanderer on Jan 6, 2022.
             Slain by a quokka (5 damage)
             ... on level 1 of the Dungeon.
             The game lasted 00:00:55 (63 turns).

ryw the Charlatan (Human Wanderer)                    Turns: 63, Time: 00:00:55

Health: 0/13       AC:  2    Str: 12    XL:     1   Next: 33%
Magic:  3/3        EV: 11    Int: 12    God:
Gold:   10         SH:  0    Dex: 12    Spells: 4/4 levels left

rFire   . . .      SeeInvis .   a - +0 club
rCold   . . .      Faith    .   (no shield)
rNeg    . . .      Spirit   .   b - +0 robe
rPois   .          Reflect  .   (no helmet)
rElec   .          Harm     .   (no cloak)
rCorr   .          Rampage  .   (no gloves)
Will    .....                   (no boots)
Stlth   +.........              (no amulet)
HPRegen 0.04/turn               (no ring)
MPRegen 0.08/turn               (no ring)

@: no status effects
A: no striking features
a: no special abilities


You were on level 1 of the Dungeon.
You visited 1 branch of the dungeon, and saw 1 of its levels.

You collected 10 gold pieces.

Inventory:

Hand Weapons
 a - a +0 club (weapon)
Armour
 b - a +0 robe (worn)
Wands
 c - a wand of flame (5) (quivered)


   Skills:
 + Level 0.2 Fighting
 + Level 0.1 Dodging
 - Level 2.0 Spellcasting
 + Level 1.1 Transmutations
 - Level 3.0 Ice Magic
 - Level 4.0 Evocations


You had 4 spell levels left.
You didn't know any spells.
Your spell library contained the following spells:

 Spells                   Type           Power      Damage    Failure   Level
 Freeze                   Ice            32%        1d5       8%          1
 Beastly Appendage        Tmut           6%         N/A       17%         1
 Ozocubu's Armour         Ice            8%         N/A       24%         3
 Ignite Poison            Fire/Tmut/Pois 2%         N/A       56%         3
 Hailstorm                Conj/Ice       4%         3d4       82%         4


Dungeon Overview and Level Annotations

Branches:
Dungeon (1/15)

Altars:


Message History

Okay, then.
Unknown command.
You enter the shallow water.
Moving in this stuff is going to be slow.
You open the door.
There is an open door here.
A frilled lizard and a ball python come into view.
Found 10 gold pieces.
The ball python hisses angrily.
You hit the ball python but do no damage.
The ball python bites you. The ball python grabs you.
The ball python constricts you.
You barely miss the ball python. The ball python closely misses you.
The ball python constricts you. The ball python closely misses you.
The ball python constricts you.
You hit the ball python.
You kill the ball python!
The frilled lizard closely misses you.
You hit the frilled lizard.
You kill the frilled lizard!
No target in view!
HP restored.
Things that are here:
a frilled lizard corpse; a ball python corpse You now have 10 gold pieces.
A quokka comes into view.
A quokka is nearby!
The quokka bites you.
You closely miss the quokka. The quokka bites you.
You are too injured to fight recklessly!
You are too injured to fight recklessly!
You are too injured to fight recklessly!
You barely miss the quokka. The quokka closely misses you.
The quokka bites you but does no damage.
You miss the quokka. The quokka barely misses you.
You hit the quokka.
The quokka is lightly wounded.
The quokka twitches its whiskers.
The quokka bites you.
You die...

#+#####'# #.# #.#
#.# #.# #.#######
#.#####.......##
#.........†....##
#####.@r.......#
#..........#
#..........#
#..≈≈≈.≈..♣#
#.≈♣.≈≈≈.≈≈.
##..≈.≈≈≈.###
#.≈..≈..≈≈♣
...≈.≈..≈≈.


You could see a quokka.

Vanquished Creatures
  A ball python (D:1)
  A frilled lizard (D:1)
2 creatures vanquished.

Notes
Turn   | Place    | Note
-------+----------+-------------------------------------------
     0 | D:1      | ryw the Human Wanderer began the quest for the Orb.
     0 | D:1      | ryw set off with the following items: a +0 club, a +0 robe,
                  | a wand of flame (5); and the following spells available to
                  | memorise: Freeze, Beastly Appendage, Ozocubu's Armour,
                  | Ignite Poison, Hailstorm
     0 | D:1      | Reached XP level 1. HP: 13/13 MP: 3/3
    63 | D:1      | Slain by a quokka

Illustrated notes

Levels and vault maps discovered:
D:1:      lightli_arrival_flooded_house, layout_rooms, hex_intersection,
          roderic_lattice_a, chequers_serial_rivers_marsh

Action                   || total
-------------------------++-------
Melee: Club              ||     8
Armor: Robe              ||     1
Dodge: Dodged            ||     5

Table legend: (Time is in decaauts)
 A = Elapsed time spent in this place.
 B = Non-inter-level travel time spent in this place.
 C = Inter-level travel time spent in this place.
 D = Time resting spent in this place.
 E = Time spent auto-exploring this place.
 F = Levels seen in this place.
 G = Mean time per level.
                   A        B        C        D        E       F      G
               +--------+--------+--------+--------+--------+-----+--------+
         Total |     65 |     65 |      0 |      0 |     45 |   1 |   65.0 |
       Dungeon |     65 |     65 |      0 |      0 |     45 |   1 |   65.0 |
               +--------+--------+--------+--------+--------+-----+--------+

Top non-repeatable levels by time:
     D:1: 65 daAuts
